 Dungeon Crawl Stone Soup version 0.28.0-53-g5a82cb258f (webtiles) character file.

Game seed: 17285974103346344034

430 Plasmagod the Conjurer (level 6, -5/32 HPs)
             Began as a Deep Elf Conjurer on July 23, 2022.
             Slain by a mummy (12 damage)
             ... in an ossuary.
             The game lasted 00:09:37 (4436 turns).

Plasmagod the Conjurer (Deep Elf Conjurer)          Turns: 4436, Time: 00:09:37

Health: -5/32      AC:  5    Str:  4    XL:     6   Next: 66%
Magic:  11/15      EV: 12    Int: 25    God:
Gold:   340        SH:  3    Dex: 13    Spells: 12/15 levels left

rFire   + . .      SeeInvis .   i - staff of poison
rCold   . . .      Faith    .   w - +0 buckler
rNeg    . . .      Spirit   .   a - +0 robe
rPois   +          Reflect  .   (no helmet)
rElec   .          Harm     .   r - +0 cloak
rCorr   .          Rampage  .   g - +1 pair of gloves
Will    .....                   (no boots)
Stlth   +++.......              (no amulet)
HPRegen 0.10/turn               v - ring of protection from fire
MPRegen 0.14/turn               (no ring)

@: studying Crossbows
A: no striking features
a: no special abilities


You were in an ossuary.
You visited 1 branch of the dungeon, and saw 5 of its levels.
You also visited: Ossuary.

You collected 340 gold pieces.

Inventory:

Hand Weapons
 c - a +1 dagger
 q - the +3 whip "Spider's Nightmare" {vorpal, rN+ Will++}
   (You found it on level 2 of the Dungeon)

   It inflicts extra damage upon your enemies.
   rN:        It protects you from negative energy.
   Will:      It greatly increases your willpower.
Armour
 a - a +0 robe (worn)
 g - a +1 pair of gloves (worn)
 r - a +0 cloak (worn)
 w - a +0 buckler (worn)
Magical Staves
 i - a staff of poison (weapon)
Jewellery
 v - a ring of protection from fire (left hand)
Wands
 j - a wand of polymorph (7)
Scrolls
 b - a scroll of immolation {unknown}
 d - a scroll of amnesia
 f - 7 scrolls of teleportation
 h - 2 scrolls of magic mapping
 n - a scroll of enchant weapon
Potions
 k - 2 potions of degeneration
 m - a potion of ambrosia
 o - 2 potions of haste
 t - 2 potions of curing {unknown}
 u - 3 potions of lignification


   Skills:
 + Level 0.1 Fighting
 + Level 0.9 Staves
 + Level 3.3 Dodging
 + Level 4.1 Stealth
 + Level 0.4 Shields
 + Level 0.4 Unarmed Combat
 + Level 5.2 Spellcasting
 + Level 6.8 Conjurations


You had 12 spell levels left.
You knew the following spells:

 Your Spells              Type           Power      Damage    Failure   Level
a - Magic Dart            Conj           100%       1d8       1%          1
b - Searing Ray           Conj           80%        2d7       1%          2

Your spell library contained the following spells:

 Spells                   Type           Power      Damage    Failure   Level
 Dazzling Flash           Conj/Hex       46%        N/A       9%          3
 Fulminant Prism          Conj/Hex       11%        3d9       26%         4
 Iskenderun's Mystic Bla  Conj/Tloc      23%        2d6       26%         4


Dungeon Overview and Level Annotations

Branches:
Dungeon (5/15)            Ossuary (1/1)
 Temple: D:4-7

Altars:
Elyvilon
Makhleb
Wu Jian

Shops:
D:1 =


Message History

You block the mummy's attack.
You barely miss the mummy.
The mummy is moderately damaged.
A killer bee zombie comes into view.
You block the mummy's attack. The mummy hits you!
The killer bee zombie moves out of view.
Aiming: Magic Dart (safe; 1% risk of failure)
Press: ? - help, Q - select action, (/) - cycle Shift-Dir - straight line, f - mummy
Aim: a mummy (moderately damaged, 100% to hit)
The magic dart hits the mummy.
The mummy is severely damaged.
The mummy closely misses you.
You hit the mummy.
The mummy is severely damaged.
The mummy misses you.
You hit the mummy but do no damage.
The mummy is severely damaged.
The mummy hits you!
* * * LOW HITPOINT WARNING * * *
Magic courses through your body. You block the mummy's attack.
The mummy hits you but does no damage.
Okay, then.
Casting: Magic Dart (safe; 1% risk of failure)
Confirm with . or Enter, or press ? or * to list all spells.
Aiming: Searing Ray (safe; 1% risk of failure)
Press: ? - help, Shift-Dir - straight line, f/p - mummy
Aim: a mummy (severely damaged, 91% to hit)
The searing ray hits the mummy!
You destroy the mummy! (Press . to maintain the ray.)
Casting: Searing Ray (safe; 1% risk of failure)
Confirm with . or Enter, or press ? or * to list all spells.
Restarting spell: Searing Ray (safe; 1% risk of failure)
Press: ? - help, Shift-Dir - straight line, f - mummy
Aim: a mummy (91% to hit)
The searing ray hits the mummy!
The mummy is moderately damaged. (Press . to maintain the ray.)
The mummy hits you!
You die...

## ##
#. .#
'#'#
..Z
##'##
#...#
#.M.#
#@.∩#
#####


You could see a mummy and a killer bee zombie (wandering).

Vanquished Creatures
  A scorpion (D:4)
  A bullfrog zombie (Ossuary)
  A centaur zombie (Ossuary)
  An iguana (D:4)
  Jessica (D:2)
  2 orc wizards
  4 mummies (Ossuary)
  Robin (D:2)
  3 adders
  An adder skeleton (D:4)
  2 worms
  4 dart slugs
  7 orcs
  5 endoplasms
  5 giant cockroaches
  9 hobgoblins
  9 jackals
  7 kobolds
  A quokka (D:2)
  9 ball pythons
  4 bats
  3 frilled lizards
  11 goblins
  2 goblin zombies (D:5)
  7 rats
101 creatures vanquished.

Vanquished Creatures (others)
  2 fungi (D:4)
  5 toadstools (D:4)
  3 withered plants (Ossuary)
10 creatures vanquished.

Grand Total: 111 creatures vanquished

Notes
Turn   | Place    | Note
-------+----------+-------------------------------------------
     0 | D:1      | Plasmagod the Deep Elf Conjurer began the quest for the
                  | Orb.
     0 | D:1      | Reached XP level 1. HP: 10/10 MP: 6/6
    66 | D:1      | Found Onasiok's Jewellery Shop.
   143 | D:1      | Reached XP level 2. HP: 15/15 MP: 4/8
   258 | D:1      | Reached skill level 5 in Conjurations
   568 | D:1      | Reached XP level 3. HP: 19/19 MP: 7/9
   844 | D:2      | Found an ornate altar of the Wu Jian Council.
   849 | D:2      | Noticed Robin
   850 | D:2      | Learned a level 2 spell: Searing Ray
  1144 | D:2      | Killed Robin
  1431 | D:2      | Noticed Jessica
  1434 | D:2      | Killed Jessica
  1435 | D:2      | Reached skill level 6 in Conjurations
  1435 | D:2      | Reached XP level 4. HP: 24/24 MP: 5/11
  1639 | D:2      | Identified the +3 whip "Spider's Nightmare" {vorpal, rN+
                  | Will++}
  3120 | D:4      | Reached XP level 5. HP: 28/28 MP: 7/12
  3676 | D:4      | Reached XP level 6. HP: 32/32 MP: 6/14
  3890 | D:4      | Found a burning altar of Makhleb.
  3947 | D:4      | Found a white marble altar of Elyvilon.
  4141 | D:5      | Entered Level 5 of the Dungeon
  4382 | D:5      | Found a sand-covered staircase.
  4395 | Ossuary  | Entered an ossuary
  4409 | Ossuary  | Reached skill level 5 in Spellcasting
  4436 | Ossuary  | Slain by a mummy

Illustrated notes

Levels and vault maps discovered:
D:1:      nicolae_arrival_washed_ashore, layout_rooms, serial_shops,
          nicolae_square_shop
D:2:      layout_loops_corners, basic_altar, nicolae_underground_beach,
          uniq_jessica, uniq_robin
D:3:      layout_basic, minmay_misc_feat_rugged
D:4:      layout_cave_pools, nicolae_elyvilon_peaceful_grove,
          lemuel_coloured_pillars_altar, kennysheep_big_empty_room,
          minmay_gold_behind_fungi, kennysheep_generic_room_4
D:5:      layout_rooms, minmay_temple_entry_ruins, enter_ossuary_4,
          nicolae_take_the_stairs
Ossuary:  ossuary_zaba_flooded

Skill      XL: |  1  2  3  4  5  6 |
---------------+-------------------+-----
Conjurations   | 5 6 |  6.8
Dodging        | 3 |  3.3
Stealth        | 3 4 |  4.1
Spellcasting   | 4 5 |  5.2
Fighting       | |  0.1
Staves         | |  0.9
Shields        | |  0.4
Unarmed Combat | |  0.4

Action                   |  1- 3 |  4- 6 || total
-------------------------+-------+-------++-------
Melee: Unarmed           |     9 |       ||     9
       Staff             |     1 |    38 ||    39
       Punch             |       |     1 ||     1
 Cast: Magic Dart        |    59 |   102 ||   161
       Searing Ray       |     2 |    11 ||    13
  Use: Scroll            |       |    13 ||    13
       Potion            |       |     1 ||     1
 Stab: Sleeping          |       |     1 ||     1
Armor: Robe              |       |    15 ||    15
Dodge: Dodged            |    11 |    46 ||    57
Block: Buckler           |       |    10 ||    10
